 Dungeon Sprint DCSS version 0.21.1-1-g345015f (webtiles) character file.

3400000 Fang the Axe Maniac (level 22, -83/233 HPs)
             Began as a Minotaur Gladiator on May 24, 2018.
             Was the Champion of Makhleb.
             Annihilated by a large bag of meat
             ... wielding a +9 giant spiked club
              (115 damage)
             ... in the Dungeon (Sprint VIII: "Arena of Blood").
             The game lasted 00:00:35 (34 turns).

Fang the Axe Maniac (Minotaur Gladiator)              Turns: 34, Time: 00:00:35

Health: -83/233    AC:  6    Str: 26    XL:     22   Next: 55%
Magic:  18/52      EV: 32    Int:  5    God:    Makhleb [******]
Gold:   0          SH:  0    Dex: 15    Spells: 75/75 levels left

rFire    . . .     SeeInvis .   l - +∞ Axe of Woe
rCold    . . .     Gourm    .   (shield currently unavailable)
rNeg     . . .     Faith    .   b - +0 leather armour
rPois    .         Spirit   .   c - +0 hat
rElec    .         Reflect  .   (no cloak)
rCorr    .         Harm     .   (no gloves)
MR       +....     NoTele   +   (no boots)
Stlth    +++++++++.             (no amulet)
HPRegen  0.48/turn              (no ring)
MPRegen  0.33/turn              (no ring)

@: no status effects
A: retaliatory headbutt, horns 2
a: Minor Destruction, Lesser Servant of Makhleb, Major Destruction, Greater
Servant of Makhleb, Renounce Religion


You were in the Dungeon.
You worshipped Makhleb.
Makhleb was exalted by your worship.
You were not hungry.

You visited 1 branch

Inventory:

Hand Weapons
 a - a +0 war axe
 l - the +∞ Axe of Woe (weapon)
   (You found it in the Dungeon)
Missiles
 d - 3 throwing nets (quivered)
Armour
 b - a +0 leather armour (worn)
 c - a +0 hat (worn)
Scrolls
 k - a scroll of blinking
Potions
 e - a potion of curing
 g - a potion of heal wounds
 h - a potion of haste
 i - 2 potions of magic
 j - a potion of berserk rage
Comestibles
 f - a ration


   Skills:
 O Level 27 Fighting
 O Level 27 Axes
 O Level 27 Throwing
 O Level 27 Armour
 O Level 27 Dodging
 O Level 27 Stealth
 O Level 27 Unarmed Combat
 O Level 27 Spellcasting
 O Level 27 Invocations


You had 75 spell levels left.
You didn't know any spells.

Dungeon Overview and Level Annotations

Branches:
Dungeon (1/1)

Altars:
Makhleb


Innate Abilities, Weirdness & Mutations

You reflexively headbutt those who attack you in melee.
You have a pair of horns on your head.


Message History

* * * LOW HITPOINT WARNING * * *
You hear a shout! x2
A destroyer comes into view.
It is wielding a +9 great sword of slicing.
Things that are here:
a +9 war axe; a +30 ring of slaying; a bag of meat corpse You are too injured to fight recklessly!
Unknown command.
You are too injured to fight recklessly!
Unknown command.
Unknown command.
Unknown command.
You hear a shout! x7
The destroyer blinks!
You hear a shout!
The destroyer blinks!
The bag of meat is engulfed in blazing flames.
The meat berserker rages.
The large bag of meat is engulfed in blazing flames.
The large bag of meat hits you with a +9 giant spiked club!!!!
You die...

#... #... ..#
o...###§.. ..###.
o..O......###......
oO#.....o.._..V...
#..Oo..o#.....#
......§o#V.<._#
#..Vo..D#))...#..
..#....O).)_..V...
.....V.@§§###......
.....###Oo.....###.
...§ #§§.....# ..
#.......# .........
.........
..........
..........


You could see an eight-headed meat hydra, 5 destroyers, 2 large bags of meat, 3
meat berserkers and 9 bags of meat.

Vanquished Creatures
  A vampire knight (D)
  9 ogres (D)
  A two-headed ogre (D)
  19 orcs (D)
30 creatures vanquished.

Notes
Turn   | Place    | Note
-------+----------+-------------------------------------------
     0 | D        | Found the +∞ Axe of Woe
     0 | D        | Fang the Minotaur Gladiator began the quest for the Orb.
     0 | D        | Reached XP level 1. HP: 18/18 MP: 0/0
     4 | D        | Noticed a bag of meat
     6 | D        | Became a worshipper of Makhleb the Destroyer
     8 | D        | Noticed a bag of meat
    10 | D        | Noticed a meat berserker
    11 | D        | Noticed a meat berserker
    11 | D        | Killed a bag of meat
    11 | D        | Reached skill level 10 in Throwing
    11 | D        | Reached XP level 2. HP: 41/41 MP: 1/1
    11 | D        | Reached XP level 3. HP: 48/48 MP: 2/2
    11 | D        | Reached XP level 4. HP: 56/56 MP: 3/3
    11 | D        | Reached XP level 5. HP: 62/62 MP: 4/4
    11 | D        | Reached XP level 6. HP: 70/70 MP: 5/5
    11 | D        | Reached XP level 7. HP: 77/77 MP: 6/6
    11 | D        | Reached XP level 8. HP: 83/83 MP: 7/7
    11 | D        | Reached XP level 9. HP: 90/90 MP: 8/8
    11 | D        | Reached XP level 10. HP: 97/97 MP: 9/9
    11 | D        | Reached XP level 11. HP: 104/104 MP: 10/10
    12 | D        | Noticed a bag of meat
    12 | D        | Noticed a meat berserker
    12 | D        | Noticed a bag of meat
    12 | D        | Noticed a meat berserker
    12 | D        | Noticed a bag of meat
    13 | D        | Noticed a bag of meat
    13 | D        | Noticed a bag of meat
    13 | D        | Noticed a bag of meat
    13 | D        | Noticed a bag of meat
    13 | D        | Noticed a bag of meat
    14 | D        | Noticed a bag of meat
    14 | D        | Noticed a large bag of meat
    14 | D        | Killed a meat berserker
    14 | D        | Reached * piety under Makhleb
    14 | D        | Reached skill level 15 in Fighting
    14 | D        | Reached XP level 12. HP: 89/119 MP: 11/11
    14 | D        | Reached XP level 13. HP: 94/126 MP: 12/12
    14 | D        | Killed a meat berserker
    14 | D        | Reached skill level 27 in Axes
    14 | D        | Reached XP level 14. HP: 105/140 MP: 13/13
    15 | D        | Noticed a bag of meat
    15 | D        | Killed a bag of meat
    15 | D        | Reached skill level 27 in Dodging
    15 | D        | Reached XP level 15. HP: 116/155 MP: 14/14
    16 | D        | Noticed a meat berserker
    16 | D        | Killed a meat berserker
    16 | D        | Reached ** piety under Makhleb
    17 | D        | Noticed a meat berserker
    18 | D        | Noticed a meat berserker
    18 | D        | Reached XP level 16. HP: 182/182 MP: 15/15
    18 | D        | Killed a meat berserker
    18 | D        | Reached skill level 27 in Fighting
    18 | D        | Reached skill level 27 in Throwing
    18 | D        | Reached *** piety under Makhleb
    18 | D        | Reached XP level 17. HP: 191/191 MP: 15/23
    18 | D        | Reached skill level 10 in Unarmed Combat
    19 | D        | Reached skill level 10 in Stealth
    20 | D        | Reached **** piety under Makhleb
    20 | D        | Reached skill level 15 in Armour
    20 | D        | Reached skill level 15 in Unarmed Combat
    20 | D        | Reached skill level 10 in Spellcasting
    20 | D        | Reached XP level 18. HP: 200/200 MP: 15/31
    21 | D        | Noticed a large bag of meat
    22 | D        | Killed a large bag of meat
    22 | D        | Reached skill level 15 in Stealth
    22 | D        | Killed a meat berserker
    22 | D        | Reached XP level 19. HP: 207/207 MP: 15/35
    22 | D        | Killed a meat berserker
    22 | D        | Reached ***** piety under Makhleb
    23 | D        | Killed a meat berserker
    24 | D        | Noticed a meat berserker
    24 | D        | Reached XP level 20. HP: 216/216 MP: 16/40
    25 | D        | Noticed a destroyer
    25 | D        | Noticed a large bag of meat
    26 | D        | Noticed a meat berserker
    26 | D        | Reached skill level 27 in Armour
    26 | D        | Killed a destroyer
    26 | D        | Reached skill level 27 in Unarmed Combat
    26 | D        | Reached XP level 21. HP: 224/224 MP: 16/44
    27 | D        | Reached ****** piety under Makhleb
    27 | D        | Reached skill level 27 in Invocations
    27 | D        | Reached skill level 27 in Stealth
    28 | D        | Noticed a destroyer
    30 | D        | Reached skill level 27 in Spellcasting
    30 | D        | Reached XP level 22. HP: 233/233 MP: 17/52
    32 | D        | Noticed a destroyer
    34 | D        | Noticed a destroyer
    34 | D        | Annihilated by a large bag of meat

Skill      XL: |  1  2  3  4  5  6  7  8  9 10 11 12 13 14 15 16 17 18 19 20 21 |
---------------+----------------------------------------------------------------+-----
Fighting       | 12 15 17 20 26 27 | 27.0
Axes           | 20 25 27 | 27.0
Throwing       | 10 12 14 16 22 27 | 27.0
Dodging        | 19 23 26 27 | 27.0
Armour         | 8 16 21 25 27 | 27.0
Stealth        | 6 13 17 21 24 27 | 27.0
Unarmed Combat | 7 15 19 24 27 | 27.0
Spellcasting   | 4 10 13 17 20 27 | 27.0
Invocations    | 7 14 18 22 26 27 | 27.0

Action                   |  1- 3 |  4- 6 |  7- 9 | 10-12 | 13-15 | 16-18 | 19-21 | 22-24 || total
-------------------------+-------+-------+-------+-------+-------+-------+-------+-------++-------
Melee: Executioner's axe |     1 |       |       |     1 |     3 |     3 |     7 |     2 ||    17
Dodge: Dodged            |       |       |       |     1 |     1 |     1 |       |       ||     3
